 Dungeon Crawl Stone Soup version 0.31-a0-177-g4aa6249778 (webtiles) character file.

Game seed: 7012158636809954344

76 qw the Shooter (level 4, -2/40 HPs)
             Began as a Naga Hunter on June 18, 2023.
             Killed from afar by an orc wizard (6 damage)
             ... with a magic dart
             ... on level 3 of the Dungeon.
             The game lasted 00:00:41 (1634 turns).

qw the Shooter (Naga Hunter)                        Turns: 1634, Time: 00:00:41

Health: -2/40      AC:  2    Str: 13    XL:     4   Next: 32%
Magic:  4/4        EV:  9    Int:  9    God:
Gold:   154        SH:  0    Dex: 17    Spells: 3/3 levels left

rFire   . . .        Y - +0 shortbow
rCold   . . .        (shield currently unavailable)
rNeg    . . .        c - +0 leather armour
rPois   +            (no helmet)
rElec   .            (no cloak)
rCorr   .            (no gloves)
SInv    +            (no barding)
Will    .....        (no amulet)
Stlth   +            (no ring)
HPRegen 0.26/turn    (no ring)
MPRegen 0.09/turn

%: no passive effects
@: confused, short of breath, very slow
A: AC +1, large, see invisible, deformed body, poison resistance, slowness 2,
spit poison 1, naga tail 1
a: Spit Poison


You were on level 3 of the Dungeon.
You visited 1 branch of the dungeon, and saw 3 of its levels.

You collected 154 gold pieces.


Innate Abilities, Weirdness & Mutations

Your serpentine skin is tough. (AC +1)
You have supernaturally acute eyesight. (SInv)
Armour fits poorly on your strangely shaped body.
Your system is resistant to poisons. (rPois)
You cover ground very slowly.
You can spit poison.
You have a snake-like lower body.


   Skills:
 + Level 2.5 Fighting
 - Level 5.0 Ranged Weapons
 - Level 1.5 Dodging
 - Level 1.5 Stealth


You had 3 spell levels left.
You didn't know any spells.
Your spell library was empty.

Inventory:

Hand Weapons
 Y - a +0 shortbow (weapon)
Armour
 c - a +0 leather armour (worn)
Scrolls
 a - a scroll of identify
 i - a scroll of immolation {unknown}
 k - a scroll of teleportation {unknown}
 l - a scroll of blinking {unknown}
Potions
 b - a potion of mutation {unknown}
 d - a potion of attraction {unknown}
 e - a potion of invisibility {unknown}
 f - 2 potions of resistance {unknown}
 g - 3 potions of curing
 h - 3 potions of might
 j - a potion of heal wounds {unknown}

Dungeon Overview and Level Annotations

Branches:
Dungeon (3/15)

Altars:

Annotations:
D:1 exclusion: kobold
D:3 Grinder


Message History

The orc hits you with a +0 club.
Grinder blinks!
You shoot an arrow.
The arrow hits the orc but does no damage.
You have got your breath back.
The orc hits you with a +0 club. The adder closely misses you.
1630 ||| INVOKING Spit Poison.
Aiming: Spit Poison (1% risk of failure)
Press: ? - help, Shift-Dir - straight line, f - orc wizard, p - orc The splash of poison misses the orc wizard.
The orc hits you with a +0 club.
The orc wizard hits you with a +0 dagger.
The adder bites you.
You shoot an arrow. The arrow barely misses the orc wizard.
The adder bites you. The orc wizard casts a spell at you.
You are confused.
The orc hits you but does no damage.
Grinder blinks!
1632 ||| DRINKING 4 potions of curing.
You feel better.
1632 ||| (to cure confusion)
The adder closely misses you.
The orc wizard points at you and mumbles some strange words.
The puff of flame misses you. The adder closely misses you.
You shoot an arrow.
The arrow closely misses the orc wizard.
The orc wizard casts a spell at you. You resist with some effort.
The orc hits you with a +0 club.
The orc wizard hits you with a +0 dagger.
The adder bites you.
You shoot an arrow. The arrow hits the orc wizard.
The orc wizard is lightly wounded.
The adder bites you.
The orc wizard gestures at you while chanting.
You are confused.
The orc wizard hits you with a +0 dagger.
The orc closely misses you. The adder closely misses you.
The orc hits you with a +0 club.
The orc wizard hits you with a +0 dagger.
The orc wizard casts a spell at you. The magic dart hits you.
You die...

#.##########
#...........
#.#.....:...
###########.#.########
..............####
########.........# #
#(.......)# #
#.........# #
#.......o@# #
#.......oSo....#
########..........###.#
......#######.#...#
..........# #.#...#
..........# #.#....
..........# ##..#
........... ...#
###....#...


You could see 2 orc wizards, an adder and an orc.

Vanquished Creatures
  3 gnolls (D:2)
  A worm (D:2)
  A dart slug (D:3)
  An orc (D:3)
  4 bats
  4 endoplasms
  3 giant cockroaches
  2 goblins
  3 hobgoblins (D:1)
  8 kobolds
  3 quokkas
  3 ball pythons
  3 frilled lizards
  2 rats (D:2)
41 creatures vanquished.

Notes
Turn   | Place    | Note
-------+----------+-------------------------------------------
     0 | D:1      | qw the Naga Hunter began the quest for the Orb.
     0 | D:1      | Reached XP level 1. HP: 19/19 MP: 1/1
     0 | D:1      | 0 ||| qw: Version: 0.3-a-5-g6f28e65
     0 | D:1      | 0 ||| qw: Game counter: 662
     0 | D:1      | 0 ||| qw: Always use a shield: true
     0 | D:1      | 0 ||| qw: God list: Okawaru
     0 | D:1      | 0 ||| qw: Allow faded altars: false
     0 | D:1      | 0 ||| qw: Do Orc after D:15 true
     0 | D:1      | 0 ||| qw: Do second Lair branch before Depths: true
     0 | D:1      | 0 ||| qw: Lair rune preference: random
     0 | D:1      | 0 ||| qw: Plans: Normal
     0 | D:1      | 0 ||| PLANNING D:1-11
    72 | D:1      | 72 ||| INVOKING Spit Poison.
    82 | D:1      | 82 ||| INVOKING Spit Poison.
    84 | D:1      | You fall into a shaft and drop 1 floor!
    88 | D:2      | 88 ||| READING 3 scrolls labelled SANWOT JISI.
    89 | D:2      | 89 ||| READING 3 scrolls labelled XUNKISHI LESCH.
    90 | D:2      | 90 ||| READING scroll labelled HALICE LANTINK.
    91 | D:2      | 91 ||| DRINKING 2 black potions.
    92 | D:2      | 92 ||| READING 2 scrolls of identify.
    92 | D:2      | 92 ||| IDENTIFYING clear potion
    93 | D:2      | 93 ||| DROPPING scroll of butterflies.
    94 | D:2      | 94 ||| DROPPING 2 scrolls of poison.
   133 | D:1      | 133 ||| INVOKING Spit Poison.
   134 | D:1      | Reached skill level 4 in Ranged Weapons
   134 | D:1      | Reached XP level 2. HP: 26/26 MP: 2/2
   218 | D:1      | 218 ||| INVOKING Spit Poison.
   223 | D:1      | 223 ||| INVOKING Spit Poison.
   283 | D:1      | 283 ||| INVOKING Spit Poison.
   286 | D:1      | 286 ||| INVOKING Spit Poison.
   320 | D:1      | 320 ||| INVOKING Spit Poison.
   323 | D:1      | 323 ||| INVOKING Spit Poison.
   329 | D:1      | 329 ||| READING 2 scrolls of identify.
   329 | D:1      | 329 ||| IDENTIFYING bubbling inky potion
   330 | D:1      | 330 ||| DROPPING potion of lignification.
   335 | D:1      | 335 ||| INVOKING Spit Poison.
   344 | D:1      | 344 ||| INVOKING Spit Poison.
   520 | D:1      | 520 ||| INVOKING Spit Poison.
   523 | D:1      | 523 ||| INVOKING Spit Poison.
   593 | D:1      | 593 ||| INVOKING Spit Poison.
   594 | D:1      | Reached XP level 3. HP: 32/32 MP: 3/3
   823 | D:2      | 823 ||| INVOKING Spit Poison.
   846 | D:2      | 846 ||| INVOKING Spit Poison.
   853 | D:2      | 853 ||| INVOKING Spit Poison.
   856 | D:2      | 856 ||| Stepping ~*~*~tactically~*~*~ (outnumbered).
   859 | D:2      | 859 ||| INVOKING Spit Poison.
   974 | D:2      | 974 ||| INVOKING Spit Poison.
   990 | D:2      | 990 ||| INVOKING Spit Poison.
   991 | D:2      | Reached skill level 5 in Ranged Weapons
  1001 | D:2      | 1001 ||| INVOKING Spit Poison.
  1003 | D:2      | Reached XP level 4. HP: 39/39 MP: 4/4
  1064 | D:2      | 1064 ||| INVOKING Spit Poison.
  1140 | D:2      | 1140 ||| INVOKING Spit Poison.
  1296 | D:2      | 1296 ||| INVOKING Spit Poison.
  1304 | D:2      | 1304 ||| INVOKING Spit Poison.
  1358 | D:2      | 1358 ||| INVOKING Spit Poison.
  1442 | D:3      | 1442 ||| INVOKING Spit Poison.
  1485 | D:3      | 1485 ||| INVOKING Spit Poison.
  1505 | D:3      | 1505 ||| INVOKING Spit Poison.
  1616 | D:3      | Noticed Grinder
  1618 | D:3      | 1618 ||| INVOKING Spit Poison.
  1619 | D:3      | Paralysed by Grinder for 3 turns
  1623 | D:3      | 1623 ||| INVOKING Spit Poison.
  1630 | D:3      | 1630 ||| INVOKING Spit Poison.
  1632 | D:3      | 1632 ||| DRINKING 4 potions of curing.
  1632 | D:3      | 1632 ||| (to cure confusion)
  1633 | D:3      | HP: 10/40 [adder (2)]
  1634 | D:3      | HP: 4/40 [orc wizard/+0 dagger (1)]
  1634 | D:3      | Killed from afar by an orc wizard

Levels and vault maps discovered:
D:1:      minmay_arrival_four_loops, layout_basic, minmay_hexomino_u4
D:2:      layout_loops_ring, serial_bayou_pond_a
D:3:      layout_basic, uniq_grinder, uniq_robin

Skill      XL: |  1  2  3 |
---------------+----------+-----
Ranged Weapons | 4 5 |  5.0
Fighting       | |  2.5
Dodging        | |  1.5
Stealth        | |  1.5

Action                     |  1- 3 |  4- 6 || total
---------------------------+-------+-------++-------
   Fire: Shortbow          |    40 |    24 ||    64
Ability: Spit Poison       |    21 |    11 ||    32
    Use: Scroll            |     5 |       ||     5
         Potion            |     1 |     1 ||     2
 Armour: Leather armour    |     4 |     4 ||     8
  Dodge: Dodged            |     4 |    11 ||    15

Table legend:
 A = Non-vault XP
 B = Vault XP
 C = Vault XP percentage of total XP
 D = Non-vault monster count
 E = Vault monster count
 F = Vault count percentage of total count
                 A         B        C        D         E       F
            +---------+---------+-------+---------+---------+-------
      Total |     104 |       5 |   4.6 |      37 |       4 |   9.8
            +---------+---------+-------+---------+---------+-------
        D:1 |      29 |       5 |  14.7 |      17 |       4 |  19.0
        D:2 |      62 |       0 |   0.0 |      15 |       0 |   0.0
        D:3 |      13 |       0 |   0.0 |       5 |       0 |   0.0
            +---------+---------+-------+---------+---------+-------
